 Dungeon Crawl Stone Soup version 0.31-a0-691-g409c26aa35 (webtiles) character file.

Game seed: 14159855755299370591

28 GloriousHammer the Ruffian (level 2, 0/33 HPs)
             Began as a Demigod Shapeshifter on Sept 6, 2023.
             Succumbed to an adder's poison
             ... on level 2 of the Dungeon.
             The game lasted 00:02:12 (1192 turns).

GloriousHammer the Ruffian (Demigod Shapeshifter)   Turns: 1192, Time: 00:02:12

Health: 0/33       AC: 21    Str: 15    XL:     2   Next: 78%
Magic:  4/4        EV: -1    Int: 12    God:
Gold:   69         SH:  0    Dex: 13    Spells: 1/1 levels left

rFire   . .          .
                       - Unarmed
rCold   . . .        (no shield)
rNeg    . . .        i - melded +1 ring mail "Rumeom" {rPois rN+ MP+9 Dex-4}
rPois   +            (helmet currently unavailable)
rElec   .            (cloak currently unavailable)
rCorr   .            (gloves currently unavailable)
SInv    .            (boots currently unavailable)
Will    .....        (no amulet)
Stlth   +            (no ring)
HPRegen 0.25/turn    (no ring)
MPRegen 0.09/turn

%: no passive effects
@: lethally poisoned (0 -> -3), tree-form, constricted
A: stationary, stasis, torment immunity, boosted hp, high MP 1, forlorn, divine
attributes
a: no special abilities


You were on level 2 of the Dungeon.
You were a tree.
You visited 1 branch of the dungeon, and saw 2 of its levels.

You collected 69 gold pieces.

Inventory:

Armour
 a - a +0 pair of boots
 i - the +1 ring mail "Rumeom" (melded) {rPois rN+ MP+9 Dex-4}
   (You found it on level 2 of the Dungeon)

   Dex-4:     It affects your dexterity (-4).
   rPois:     It protects you from poison rN+: It protects you from negative
   energy.
   MP+9:      It affects your magic capacity (+9).
Talismans
 c - a beast talisman
 d - a flux talisman
Scrolls
 e - 3 scrolls of identify {unknown}
 f - a scroll of vulnerability {unknown}
 g - a scroll of immolation {unknown}
 h - a scroll of blinking {unknown}


   Skills:
 - Level 0.8 Fighting
 - Level 1.7 Dodging
 * Level 3.4 Unarmed Combat
 + Level 3.0 Shapeshifting


You had one spell level left.
You didn't know any spells.
Your spell library was empty.

Dungeon Overview and Level Annotations

Branches:
Dungeon (2/15)


Innate Abilities, Weirdness & Mutations

You are a tree.
Your roots penetrate the ground, keeping you stationary.
You cannot be teleported.
You are immune to unholy pain and torment.
Your maximum health is greatly increased.
Your equipment is partially melded.
You have an increased reservoir of magic. (+10% MP)
You shall have no god before yourself.
Your divine heritage dramatically boosts your attributes as you level up.


Message History

You finish taking off your +0 animal skin.
You start putting on your armour.
You continue putting on the +1 ring mail "Rumeom" {rPois rN+ MP+9 Dex-4}. x5
You finish putting on the +1 ring mail "Rumeom" {rPois rN+ MP+9 Dex-4}.
You feel clumsy.
You drop a +0 animal skin.
Magic restored.
You open the door.
There is an open door here.
You open the door.
There is an open door here.
Found a stone staircase leading up.
You open the door.
Found a pair of boots.
You open the door.
There is an open door here.
Found a stone staircase leading down.
Search for what [Enter for "."]? .
You see here a +0 pair of boots.
Okay, then.
a - a +0 pair of boots A giant cockroach comes into view.
The giant cockroach barely misses you.
You hit the giant cockroach.
You kill the giant cockroach!
You see here a giant cockroach corpse.
An adder comes into view.
An adder is nearby!
Found a metallic brown potion.
Found a stone staircase leading down.
The adder hisses angrily.
A ball python comes into view.
The adder bites you.
You closely miss the adder. The adder bites you.
You barely miss the adder. Your punch misses the adder.
The adder barely misses you.
You hit the adder.
The adder is lightly wounded.
The adder bites you but does no damage.
You miss the adder.
The adder is lightly wounded.
The adder misses you.
You closely miss the adder.
The adder is lightly wounded.
The adder bites you. The ball python closely misses you.
The ball python barely misses you. The adder bites you but does no damage.
You hit the adder.
The adder is moderately wounded.
The ball python bites you but does no damage.
The ball python closely misses you. The adder closely misses you.
You closely miss the adder.
The adder is moderately wounded.
The ball python closely misses you. The ball python barely misses you.
The adder bites you.
The ball python bites you but does no damage.
The ball python grabs you. The ball python constricts you.
You miss the adder.
The adder is moderately wounded.
The adder bites you. The ball python barely misses you.
The ball python constricts you.
You miss the adder.
The adder is moderately wounded.
The adder bites you but does no damage.
The ball python bites you but does no damage.
The ball python constricts you. The adder bites you but does no damage.
You closely miss the adder.
The adder is moderately wounded.
The ball python bites you but does no damage.
The ball python constricts you. The adder bites you but does no damage.
You barely miss the adder.
The adder is moderately wounded.
The ball python bites you but does no damage.
The ball python constricts you. The adder barely misses you.
You closely miss the adder.
The adder is moderately wounded.
The ball python barely misses you. The ball python constricts you.
The adder bites you.
You hit the adder.
The adder is heavily wounded.
The adder bites you. The ball python completely misses you.
The ball python constricts you.
You closely miss the adder.
The adder is heavily wounded.
The adder bites you.
You are poisoned.
The adder poisons you! The ball python bites you.
The ball python constricts you. The ball python bites you.
* * * LOW HITPOINT WARNING * * *
The ball python constricts you. The adder bites you.
* * * LOW HITPOINT WARNING * * *
Your transformation has ended.
You turn into a tree.
The +1 ring mail "Rumeom" {rPois rN+ MP+9 Dex-4} melds into your body.
You feel your magic capacity decrease.
Your roots penetrate the ground.
* * * LOW HITPOINT WARNING * * *
You feel sick. The adder bites you but does no damage.
The ball python bites you but does no damage.
The ball python constricts you.
You miss the adder.
The adder is heavily wounded.
You die...

........##.#
###.######'## .###.#
....##......# .....####
....##......# >.....!..
....##......# #........
....##......# #........
.........#.## #........
...#####.#.# #S....$..
...'...#.#.# #♣S......
...###.#.#.##+##........
.#<....#.#.#............
.#####.....#............
.#.........#....########
.#.###.....#....# .#.#
#.....#.†..# .#.#
#..........# .#.#
#....##....#


You could see an adder and a ball python.

Vanquished Creatures
  3 endoplasms (D:1)
  A giant cockroach (D:2)
  5 hobgoblins
  2 quokkas (D:1)
  5 ball pythons (D:1)
  5 bats
  A frilled lizard (D:1)
  2 kobolds
  2 rats (D:1)
26 creatures vanquished.

Notes
Turn   | Place    | Note
-------+----------+-------------------------------------------
     0 | D:1      | GloriousHammer the Demigod Shapeshifter began the quest for
                  | the Orb.
     0 | D:1      | Reached XP level 1. HP: 15/15 MP: 3/3
   164 | D:1      | Reached XP level 2. HP: 22/22 MP: 4/4
   844 | D:2      | Identified the +2 robe "Eghuep" {Dex+3 Archmagi}
   850 | D:2      | Identified the +1 ring mail "Rumeom" {rPois rN+ MP+9 Dex-4}
  1190 | D:2      | HP: 1/22 [adder (3)]
  1192 | D:2      | Succumbed to an adder's poison

Illustrated notes

Levels and vault maps discovered:
D:1:      minmay_arrival_checkered_box, layout_basic, serial_forest,
          infiniplex_forest_corner_1, infiniplex_forest_lined_room_,
          infiniplex_forest_clump_small, infiniplex_forest_straight_4,
          infiniplex_forest_clump_medium, infiniplex_forest_lined_ring,
          infiniplex_forest_clump_large, infiniplex_forest_straight_3,
          hex_intersection
D:2:      layout_basic

Skill      XL: |  1  2 |
---------------+-------+-----
Unarmed Combat | 3 |  3.4
Shapeshifting  | 3 |  3.0
Fighting       | |  0.8
Dodging        | |  1.7

Action                     || total
---------------------------++-------
  Melee: Unarmed           ||    78
         Punch             ||     2
    Use: Potion            ||     1
   Stab: Sleeping          ||     1
 Armour: Animal skin       ||    22
         Ring mail         ||    21
         Skin              ||     2
  Dodge: Dodged            ||    52

Table legend: (Time is in decaauts)
 A = Elapsed time spent in this place.
 B = Non-inter-level travel time spent in this place.
 C = Inter-level travel time spent in this place.
 D = Time resting spent in this place.
 E = Time spent auto-exploring this place.
 F = Levels seen in this place.
 G = Mean time per level.
                   A        B        C        D        E       F      G
               +--------+--------+--------+--------+--------+-----+--------+
         Total |   1186 |   1143 |     43 |      0 |    925 |   2 |  593.0 |
       Dungeon |   1186 |   1143 |     43 |      0 |    925 |   2 |  593.0 |
               +--------+--------+--------+--------+--------+-----+--------+

Top non-repeatable levels by time:
     D:1: 795 daAuts
     D:2: 391 daAuts
